[Event "Titled Tuesday Blitz April 4 Late 2023"]
[White "Mammadov, Zaur"]
[Black "Maghsoodloo, Parham"]
[WhiteFideId "13401033"]
[BlackFideId "12539929"]
[WhiteElo "2441"]
[BlackElo "2647"]
[Result "0-1"]
[Round "04"]
[TimeControl "180+2"]
[Date "2023.04.04"]
[WhiteClock "0:00:13"]
[BlackClock "0:00:42"]

1. e4 c5 2. c3 d5 3. exd5 Qxd5 4. d4 Nc6 5. Nf3 Nf6 6. dxc5 Qxd1+ 7. Kxd1 Bg4 8. b4 a5 9. Bb5 axb4 10. Bxc6+ bxc6 11. cxb4 Nd5 12. Bd2 g6 13. a3 Bg7 14. Ra2 Be6 15. Rc2 Bf5 16. Re1 O-O 17. Ne5 Bxe5 18. Rxe5 Bxc2+ 19. Kxc2 f6 20. Re2 e5 21. Kb3 Rfd8 22. a4 Nc7 23. Bc3 Ne6 24. a5 Rab8 25. Kc4 Nd4 26. Rd2 Nb5 27. Bb2 Kf7 28. Rd3 Rxd3 29. Kxd3 Ke6 30. Kc4 Rd8 31. Na3 Nxa3+ 32. Bxa3 Kd7 33. Bb2 Kc7 34. Bc3 Rd1 35. f4 e4 36. b5 e3 37. b6+ Kb7 38. Bxf6 e2 39. Bh4 e1=Q 40. Bxe1 Rxe1 41. Kd4 h5 42. Kd3 h4 0-1


[Site "https://www.chess.com"]

[Event "Titled Tuesday Blitz April 4 Late 2023"]
[White "Vidit, Santosh Gujrathi"]
[Black "Urazayev, Arystanbek"]
[WhiteFideId "5029465"]
[BlackFideId "13709810"]
[WhiteElo "2651"]
[BlackElo "2449"]
[Result "1-0"]
[Round "04"]
[TimeControl "180+2"]
[Date "2023.04.04"]
[WhiteClock "0:00:06"]
[BlackClock "0:00:07"]

1. e4 c6 2. d4 d5 3. exd5 cxd5 4. Bd3 Nf6 5. c3 Bg4 6. Qb3 Qc7 7. h3 Bh5 8. Ne2 Bxe2 9. Bxe2 e6 10. O-O Bd6 11. Nd2 O-O 12. Bd3 Nbd7 13. Nf3 Ne4 14. Bxe4 dxe4 15. Ng5 Nf6 16. Re1 e5 17. dxe5 Bxe5 18. Nxe4 Nxe4 19. Rxe4 Rfe8 20. Kf1 Bf6 21. Bf4 Qc6 22. Rxe8+ Rxe8 23. Rd1 h6 24. Be3 a5 25. Qd5 Qa6+ 26. Qd3 Qe6 27. Qb5 Bg5 28. Re1 Qc8 29. Bxg5 Rxe1+ 30. Kxe1 hxg5 31. Qxa5 g4 32. hxg4 Qxg4 33. Qd8+ Kh7 34. Qd5 Qf4 35. Ke2 b6 36. Qd3+ g6 37. Qd5 Kg8 38. g3 Qg4+ 39. Kd2 Qa4 40. a3 b5 41. Qd4 Qa5 42. Kc2 Qa6 43. Kb3 Qc6 44. a4 bxa4+ 45. Ka3 Qb5 46. Qb4 Qe2 47. Qc5 Qd1 48. Qc8+ Kg7 49. Qc4 Qa1+ 50. Qa2 Qd1 51. Kb4 Qc2 52. c4 Qxf2 53. Kxa4 Qxg3 54. b4 g5 55. Qb2+ f6 56. b5 g4 57. b6 Qf4 58. Qb3 g3 59. b7 Qb8 60. Qf3 Qa7+ 61. Kb5 Qb8 62. c5 f5 63. c6 Qe5+ 64. Kb6 f4 65. Qg4+ Kf6 66. Qh4+ Kg7 67. Qg4+ Kf6 68. Qc8 Qd4+ 69. Kc7 Qe5+ 70. Kd7 g2 71. Qh8+ Kf5 72. Qxe5+ Kxe5 73. b8=Q+ Ke4 74. Qb4+ Kf3 75. Qb3+ Kg4 76. Qg8+ Kh3 77. c7 f3 78. c8=Q f2 79. Kd6+ Kh2 80. Qh7+ Kg1 81. Qc5 Kf1 82. Qd3+ Ke1 83. Qde3+ Kd1 84. Qcc1# 1-0


[Site "https://www.chess.com"]

[Event "Titled Tuesday Blitz April 4 Late 2023"]
[White "Martinez Alcantara, Jose Eduardo"]
[Black "Pichot, Alan"]
[WhiteFideId "3805662"]
[BlackFideId "110973"]
[WhiteElo "2711"]
[BlackElo "2573"]
[Result "1-0"]
[Round "04"]
[TimeControl "180+2"]
[Date "2023.04.04"]
[WhiteClock "0:00:04"]
[BlackClock "0:00:01"]

1. e4 e5 2. Nf3 Nc6 3. Bb5 a6 4. Ba4 Nf6 5. d3 d6 6. c3 Be7 7. h3 O-O 8. Be3 b5 9. Bc2 Re8 10. O-O Bf8 11. a4 b4 12. a5 d5 13. Bg5 dxe4 14. dxe4 h6 15. Be3 Qxd1 16. Rxd1 Bb7 17. Nbd2 bxc3 18. bxc3 Rad8 19. Rdb1 Bc8 20. Ba4 Bd7 21. Bd1 Rb8 22. Rxb8 Rxb8 23. Be2 Bc8 24. Bc4 Bd6 25. Ne1 Rb2 26. Kf1 Kf8 27. g4 Nd7 28. Ke2 Rb8 29. Nd3 Nd8 30. Kd1 Bb7 31. f3 Bc6 32. Kc2 Bb5 33. Bxb5 Rxb5 34. Nc4 Nc6 35. h4 Ke7 36. h5 Nd8 37. g5 hxg5 38. Bxg5+ f6 39. Be3 Ne6 40. Rg1 Rb8 41. Nxd6 Kxd6 42. Rd1 Ke7 43. Nb4 Rh8 44. Nxa6 Rxh5 45. Nb4 Rh2+ 46. Kb3 Ndc5+ 47. Kc4 Nb7 48. a6 Nd6+ 49. Kb3 c5 50. a7 Rh8 51. Nd5+ Kf7 52. Nb6 c4+ 53. Kc2 Nb5 54. a8=Q Rxa8 55. Nxa8 1-0


[Site "https://www.chess.com"]

[Event "Titled Tuesday Blitz April 4 Late 2023"]
[White "Abdrlauf, Elham"]
[Black "Klukin, Kirill"]
[WhiteFideId "1533533"]
[BlackFideId "24199273"]
[WhiteElo "2469"]
[BlackElo "2344"]
[Result "0-1"]
[Round "04"]
[TimeControl "180+2"]
[Date "2023.04.04"]
[WhiteClock "0:00:02"]
[BlackClock "0:00:25"]

1. e4 c5 2. Ne2 g6 3. g3 Bg7 4. Bg2 Nc6 5. c3 e6 6. d4 cxd4 7. cxd4 d5 8. exd5 exd5 9. Nbc3 Nge7 10. O-O O-O 11. Be3 Bg4 12. h3 Bxe2 13. Qxe2 Nf5 14. Nxd5 Ncxd4 15. Bxd4 Nxd4 16. Qd3 Qd6 17. Rfe1 Rfe8 18. Rad1 Rad8 19. Kf1 Qc5 20. b4 Qd6 21. Re4 Rxe4 22. Qxe4 Qe5 23. Rc1 Ne6 24. Qxe5 Bxe5 25. b5 Kg7 26. a4 b6 27. f4 Bd6 28. Rc4 Bc5 29. Nc3 Rd2 30. Bd5 Nc7 31. Bc6 Rc2 32. a5 Ne6 33. Bd5 Nc7 34. Be4 Rc1+ 35. Ke2 Nxb5 36. axb6 axb6 37. Kd2 Rxc3 38. Rxc3 Bb4 39. Kd3 Nxc3 40. Bc6 Ba5 41. g4 h6 42. h4 Nd1 43. Ke2 Nb2 44. Bb5 f5 45. gxf5 gxf5 46. h5 Kf6 47. Ke3 Bc3 48. Ke2 Ke6 49. Ke3 Bb4 50. Ke2 Kd6 51. Bd3 Nxd3 52. Kxd3 Kd5 0-1


[Site "https://www.chess.com"]

[Event "Titled Tuesday Blitz April 4 Late 2023"]
[White "Bolourchifard, Farzad"]
[Black "Kollars, Dmitrij"]
[WhiteFideId "12510084"]
[BlackFideId "12909572"]
[WhiteElo "2317"]
[BlackElo "2584"]
[Result "0-1"]
[Round "04"]
[TimeControl "180+2"]
[Date "2023.04.04"]
[WhiteClock "0:00:02"]
[BlackClock "0:00:05"]

1. e4 e5 2. Nf3 Nc6 3. Bc4 Nf6 4. d3 Be7 5. O-O O-O 6. Re1 d6 7. c3 Na5 8. Bb5 a6 9. Ba4 c5 10. Nbd2 b5 11. Bc2 Nc6 12. Nf1 Be6 13. h3 h6 14. d4 cxd4 15. cxd4 exd4 16. Nxd4 Nxd4 17. Qxd4 Rc8 18. Bb3 d5 19. exd5 Nxd5 20. Bd2 Bf6 21. Qa7 Qd6 22. Rac1 Bxb2 23. Rxc8 Rxc8 24. Ba5 Qc6 25. Ne3 Ra8 26. Bxd5 Bxd5 27. Qb6 Qxb6 28. Bxb6 Be6 29. Ba5 Rc8 30. Re2 Rc1+ 31. Kh2 Be5+ 32. g3 Ra1 33. f4 Bf6 34. Ng4 Bd4 35. Ne5 Bd5 36. g4 f6 37. Nd7 Kf7 38. Bb4 Rxa2 39. Rxa2 Bxa2 40. Nb8 Ke6 41. Nxa6 Kd5 42. Bf8 Kc4 43. Bxg7 h5 44. gxh5 Bb1 45. h6 b4 0-1


[Site "https://www.chess.com"]

[Event "Titled Tuesday Blitz April 4 Late 2023"]
[White "Beerdsen, Thomas"]
[Black "Zakhartsov, Vladimir"]
[WhiteFideId "1030108"]
[BlackFideId "4145097"]
[WhiteElo "2547"]
[BlackElo "2497"]
[Result "1-0"]
[Round "04"]
[TimeControl "180+2"]
[Date "2023.04.04"]
[WhiteClock "0:00:11"]
[BlackClock "0:00:08"]

1. e4 c5 2. Nf3 d6 3. d4 cxd4 4. Nxd4 Nf6 5. Nc3 g6 6. h3 Bg7 7. Nf3 Nc6 8. Bc4 O-O 9. O-O Bd7 10. Bg5 Rc8 11. Qe2 Qa5 12. Rad1 Ne5 13. Nxe5 Qxe5 14. Bh4 Qc5 15. Bb3 Rfe8 16. e5 Nh5 17. exd6 e6 18. Ne4 Qe5 19. c3 Bb5 20. c4 Bd7 21. Qe3 f5 22. Nc3 Qxe3 23. fxe3 Bxc3 24. bxc3 Kg7 25. e4 Nf6 26. e5 Ne4 27. Rd3 Rc5 28. Rb1 Rxe5 29. Ba4 b5 30. Bxb5 Rb8 31. Rb4 Rb7 32. Ba6 Rb6 33. Rxb6 axb6 34. Bb5 Nc5 35. Rd1 Kf7 36. Bf2 Ke8 37. Rb1 Re2 38. Bxd7+ Kxd7 39. Rxb6 Nd3 40. Bh4 Nc5 41. Be7 Rd2 42. Rb5 Ne4 43. Rb7+ Kc6 44. Rc7+ Kb6 45. c5+ Kb5 46. c6 Nxd6 47. Bxd6 Rxd6 48. Rxh7 Rxc6 49. Rh6 e5 50. h4 e4 51. h5 gxh5 52. Rxh5 Rc5 53. Kf2 Kc4 54. Ke3 Kxc3 55. g4 f4+ 56. Kxf4 Rc4 57. Ke3 Ra4 58. Rc5+ Kb4 59. Rc2 Kb5 60. g5 Kb6 61. g6 Kb7 62. g7 Ra8 63. Rg2 Rg8 64. Kxe4 Kc6 65. Kf5 Kd7 66. Kg6 Ke6 67. Kh7 Rxg7+ 68. Rxg7 Kd6 69. Rb7 Kc5 70. Rb1 Kc6 71. a4 Kc5 72. a5 Kc6 73. a6 1-0


[Site "https://www.chess.com"]

[Event "Titled Tuesday Blitz April 4 Late 2023"]
[White "Indjic, Aleksandar"]
[Black "Matinian, Nikita"]
[WhiteFideId "911925"]
[BlackFideId "24129100"]
[WhiteElo "2614"]
[BlackElo "2422"]
[Result "1-0"]
[Round "04"]
[TimeControl "180+2"]
[Date "2023.04.04"]
[WhiteClock "0:01:19"]
[BlackClock "0:00:07"]

1. d4 Nf6 2. Nf3 g6 3. Bg5 Bg7 4. Nbd2 d5 5. c3 O-O 6. e3 h6 7. Bf4 b6 8. h3 Bb7 9. a4 c5 10. a5 Qc8 11. Qa4 Nbd7 12. a6 Bc6 13. Bb5 Bxb5 14. Qxb5 Ne4 15. Nxe4 dxe4 16. Nd2 g5 17. Bh2 f5 18. O-O e5 19. d5 Nf6 20. Bxe5 Nxd5 21. Bxg7 Kxg7 22. Rfd1 Qe6 23. Nf1 f4 24. c4 Nb4 25. Qd7+ Qxd7 26. Rxd7+ Rf7 27. Rad1 Nxa6 28. Rxf7+ Kxf7 29. Rd7+ Kg6 30. Nd2 Nb4 31. exf4 gxf4 32. Nxe4 a5 33. Rd6+ Kg7 34. Rxb6 Nd3 35. f3 a4 36. h4 a3 37. bxa3 Rxa3 38. h5 Ra4 39. Rg6+ Kf7 40. Rxh6 Rxc4 41. Nd6+ Kg7 42. Rg6+ 1-0


[Site "https://www.chess.com"]

[Event "Titled Tuesday Blitz April 4 Late 2023"]
[White "Zhigalko, Sergei"]
[Black "Alex_Sahakyan2006"]
[WhiteFideId "13502956"]
[WhiteElo "2626"]
[BlackElo "2627"]
[Result "1-0"]
[Round "04"]
[TimeControl "180+2"]
[Date "2023.04.04"]
[WhiteClock "0:00:39"]
[BlackClock "0:00:01"]

1. e4 Nc6 2. Nf3 d6 3. d4 Nf6 4. Nc3 g6 5. Bb5 a6 6. Bxc6+ bxc6 7. O-O Bg7 8. h3 O-O 9. Re1 a5 10. Be3 a4 11. Qd2 a3 12. b3 c5 13. dxc5 Bb7 14. cxd6 cxd6 15. Bh6 Nxe4 16. Rxe4 Bxe4 17. Bxg7 Kxg7 18. Nxe4 Qb6 19. c4 Rfd8 20. Rd1 h6 21. h4 f5 22. Nc3 e6 23. Nd4 Re8 24. Re1 e5 25. Ndb5 Rad8 26. Nd5 Qc5 27. Rc1 e4 28. b4 Qc8 29. Qc3+ Re5 30. Nxd6 Qe6 31. Nb7 Re8 32. Nc5 1-0


[Site "https://www.chess.com"]

[Event "Titled Tuesday Blitz April 4 Late 2023"]
[White "Makarian, Rudik"]
[Black "Bellahcene, Bilel"]
[WhiteFideId "44105681"]
[BlackFideId "696358"]
[WhiteElo "2430"]
[BlackElo "2566"]
[Result "1-0"]
[Round "04"]
[TimeControl "180+2"]
[Date "2023.04.04"]
[WhiteClock "0:00:27"]
[BlackClock "0:00:05"]

1. d4 e6 2. c4 b6 3. Nf3 Bb7 4. g3 Bxf3 5. exf3 Bb4+ 6. Nc3 Bxc3+ 7. bxc3 Nf6 8. g4 d6 9. f4 Nc6 10. Bg2 Na5 11. g5 Nd7 12. Qe2 O-O 13. h4 c6 14. h5 Re8 15. Kf1 d5 16. cxd5 cxd5 17. Rh3 Rc8 18. Bd2 Nc4 19. Re1 Nd6 20. Bf3 Nf5 21. Bg4 Nf8 22. Kg2 Qd7 23. Kh1 Red8 24. h6 Ng6 25. hxg7 Nxg7 26. Kg2 Qd6 27. Qf3 Nf8 28. Reh1 Nf5 29. Qd3 Qd7 30. Rh5 b5 31. Qh3 b4 32. Rxh7 Nxh7 33. Qxh7+ Kf8 34. Bxf5 bxc3 35. Bc1 Qd6 36. g6 fxg6 37. Qh8+ 1-0


[Site "https://www.chess.com"]

[Event "Titled Tuesday Blitz April 4 Late 2023"]
[White "Leitao, Rafael"]
[Black "Firouzja, Alireza"]
[WhiteFideId "2101246"]
[BlackFideId "12573981"]
[WhiteElo "2609"]
[BlackElo "2904"]
[Result "1-0"]
[Round "04"]
[TimeControl "180+2"]
[Date "2023.04.04"]
[WhiteClock "0:00:15"]
[BlackClock "0:00:03"]

1. c4 e5 2. Nc3 d6 3. Nf3 f5 4. d3 Be7 5. g3 Nf6 6. Bg2 O-O 7. O-O a5 8. Rb1 Qe8 9. e3 Nc6 10. a3 Qh5 11. b4 axb4 12. axb4 f4 13. b5 Nd8 14. exf4 Bg4 15. h3 Bxh3 16. Bxh3 Qxh3 17. Ng5 Qd7 18. fxe5 dxe5 19. Qe2 Ne6 20. Qxe5 Nc5 21. d4 Bd6 22. Qe2 Rae8 23. Qa2 Bxg3 24. fxg3 Qxd4+ 25. Qf2 Qxc3 26. Bb2 Qxc4 27. Rbc1 Qg4 28. Rxc5 Re2 29. Qf4 Qxf4 30. gxf4 Rxb2 31. Rxc7 Rxb5 32. Ne6 Re8 33. Nxg7 Re3 34. Rd1 Rd5 35. Rxd5 Nxd5 36. Nf5 Re1+ 37. Kf2 Nxc7 38. Kxe1 b5 39. Kd2 Kf7 40. Nh4 1-0


[Site "https://www.chess.com"]

[Event "Titled Tuesday Blitz April 4 Late 2023"]
[White "Gadimbayli, Abdulla"]
[Black "Svane, Rasmus"]
[WhiteFideId "13404938"]
[BlackFideId "4657101"]
[WhiteElo "2390"]
[BlackElo "2597"]
[Result "1/2-1/2"]
[Round "04"]
[TimeControl "180+2"]
[Date "2023.04.04"]
[WhiteClock "0:00:58"]
[BlackClock "0:00:41"]

1. e4 c6 2. Nf3 d5 3. exd5 cxd5 4. Ne5 Nc6 5. d4 a6 6. c3 Bf5 7. Nd2 e6 8. Ndf3 Bd6 9. Bf4 Nge7 10. Bd3 Qc7 11. O-O O-O 12. Re1 Bxd3 13. Qxd3 Rae8 14. Re2 f6 15. Nxc6 Nxc6 16. Bg3 Re7 17. Rae1 Rfe8 18. Nd2 Bxg3 19. hxg3 Qd6 20. Kf1 e5 21. dxe5 Nxe5 22. Qd4 Nc6 23. Qd3 Rxe2 24. Rxe2 Rxe2 25. Qxe2 Kf8 26. Nf3 Qe7 27. Qd3 Qe4 28. Qxe4 dxe4 29. Nd2 f5 30. g4 g6 31. gxf5 gxf5 32. g4 fxg4 33. Nxe4 Ke7 34. Nc5 Nd8 35. Kg2 Kd6 36. Ne4+ Ke5 37. Nc5 Kf4 38. Nd3+ Kg5 39. Nc5 a5 40. Kg3 h5 41. Ne4+ Kf5 42. Nd6+ Kg5 43. Ne4+ Kf5 44. Nd6+ Kg5 45. Ne4+ 1/2-1/2


[Site "https://www.chess.com"]

[Event "Titled Tuesday Blitz April 4 Late 2023"]
[White "Yanchenko, Roman"]
[Black "Sargsyan, Shant"]
[WhiteFideId "4137329"]
[BlackFideId "13306766"]
[WhiteElo "2491"]
[BlackElo "2628"]
[Result "0-1"]
[Round "04"]
[TimeControl "180+2"]
[Date "2023.04.04"]
[WhiteClock "0:00:06"]
[BlackClock "0:00:43"]

1. d4 g6 2. c4 Bg7 3. Nf3 d6 4. Nc3 f5 5. g3 Nf6 6. Bg2 O-O 7. b3 c6 8. Bb2 a5 9. O-O Na6 10. d5 e5 11. dxe6 Bxe6 12. Ng5 Bc8 13. Qd2 Qe7 14. Rad1 Rd8 15. Na4 h6 16. Nb6 Rb8 17. Nxc8 Rbxc8 18. Nf3 Ne4 19. Qc1 Nb4 20. Nd4 Nxa2 21. Qa1 Nb4 22. e3 Ra8 23. h3 Nc5 24. Qa3 Kh7 25. Kh2 h5 26. Bc3 h4 27. gxh4 Qxh4 28. Bxb4 axb4 29. Qxb4 Ra2 30. Rd2 Rda8 31. Rfd1 Bxd4 32. exd4 Qf4+ 33. Kg1 Rxd2 34. Rxd2 Ra1+ 35. Bf1 Qg5+ 36. Kh2 Rxf1 37. dxc5 Qg1# 0-1


[Site "https://www.chess.com"]

[Event "Titled Tuesday Blitz April 4 Late 2023"]
[White "Lamard, Guillaume"]
[Black "Movahed, Sina"]
[WhiteFideId "600261"]
[BlackFideId "42520835"]
[WhiteElo "2413"]
[BlackElo "2225"]
[Result "0-1"]
[Round "04"]
[TimeControl "180+2"]
[Date "2023.04.04"]
[WhiteClock "0:00:01"]
[BlackClock "0:00:07"]

1. d4 Nf6 2. Bf4 g6 3. Nc3 d5 4. e3 Bg7 5. Nb5 Na6 6. Nf3 O-O 7. h3 c6 8. Nc3 Nc7 9. Bd3 a5 10. a4 Na6 11. O-O Nb4 12. e4 dxe4 13. Bxe4 Nxe4 14. Nxe4 Bf5 15. Re1 Qd5 16. Nc3 Qc4 17. Rc1 Rad8 18. Be5 Bh6 19. Nd2 Qa6 20. Nce4 f6 21. c3 Nd3 22. Bc7 Rd7 23. Bg3 Bxe4 24. Nxe4 Bxc1 25. Qb3+ Kg7 26. Rd1 c5 27. Qc2 c4 28. Rxc1 Nxc1 29. Nc5 Qc6 30. Nxd7 Qxd7 31. Qxc1 Qxa4 32. Qe3 Rf7 33. Kh2 Qb5 34. h4 h5 35. Qd2 a4 36. Bf4 Qf5 37. g3 b5 38. Bh6+ Kh7 39. Bf4 g5 40. hxg5 fxg5 41. Be3 h4 42. Qe2 Qf3 43. Qc2+ Kg7 44. Qd2 hxg3+ 45. fxg3 Rf8 46. Kg1 Qf1+ 47. Kh2 Rh8# 0-1


[Site "https://www.chess.com"]

[Event "Titled Tuesday Blitz April 4 Late 2023"]
[White "Aydincelebi, Kagan"]
[Black "Chigaev, Maksim"]
[WhiteFideId "6361102"]
[BlackFideId "4108116"]
[WhiteElo "2180"]
[BlackElo "2547"]
[Result "0-1"]
[Round "04"]
[TimeControl "180+2"]
[Date "2023.04.04"]
[WhiteClock "0:00:10"]
[BlackClock "0:00:06"]

1. e4 c5 2. Nf3 Nc6 3. Bb5 e6 4. O-O Nge7 5. Re1 a6 6. Bf1 d5 7. exd5 Nxd5 8. d4 Nf6 9. Be3 Be7 10. c4 O-O 11. Nc3 cxd4 12. Nxd4 Bd7 13. Qd2 Ng4 14. Nxc6 Bxc6 15. Qxd8 Rfxd8 16. Bb6 Rd7 17. Rad1 Nf6 18. f3 h5 19. Kf2 Rc8 20. a3 Rxd1 21. Rxd1 Nd7 22. Be3 Bf6 23. Bd4 Bh4+ 24. g3 Be7 25. b4 Nf6 26. Bb6 Kf8 27. Be2 g6 28. Nb1 Ke8 29. Nd2 Nd7 30. Be3 Rd8 31. Nb3 Ba4 32. Rb1 Ne5 33. Na5 Nd3+ 34. Kf1 Rd7 35. Bd1 Nb2 36. Bxa4 Nxa4 37. Rb3 Bd8 38. Ke2 e5 39. g4 f5 40. gxh5 gxh5 41. Rd3 Bxa5 42. bxa5 Rxd3 43. Kxd3 Kd7 44. h4 Kd6 45. Ba7 Nc5+ 46. Ke3 Nd7 47. f4 Ke6 48. Kf3 e4+ 49. Ke3 Nf8 50. Kd4 Ng6 51. Kc5 Kd7 52. Kd5 Nxh4 53. Ke5 Kc6 54. Be3 Ng2 55. Bf2 e3 56. Be1 h4 57. Kxf5 h3 58. Bg3 e2 0-1


[Site "https://www.chess.com"]

[Event "Titled Tuesday Blitz April 4 Late 2023"]
[White "tuschessCM1"]
[Black "Grigoriants, Sergey"]
[BlackFideId "4130804"]
[WhiteElo "2718"]
[BlackElo "2502"]
[Result "1-0"]
[Round "04"]
[TimeControl "180+2"]
[Date "2023.04.04"]
[WhiteClock "0:00:07"]
[BlackClock "0:00:03"]

1. c4 c6 2. d4 d5 3. cxd5 cxd5 4. Nc3 Nc6 5. Bf4 e5 6. Bxe5 Nxe5 7. dxe5 d4 8. Nb1 Ne7 9. Nf3 Nc6 10. g3 g5 11. h3 Bg7 12. Nbd2 h5 13. Bg2 g4 14. hxg4 hxg4 15. Rxh8+ Bxh8 16. Nh4 Nxe5 17. Qa4+ Bd7 18. Qb4 Qb6 19. Qxb6 axb6 20. Bxb7 Ra7 21. Be4 Rc7 22. Nf5 Be6 23. Kd1 Rd7 24. Rc1 Kd8 25. Nb3 d3 26. e3 Nc4 27. Nbd4 Nxb2+ 28. Kd2 b5 29. Nc6+ Ke8 30. Nfd4 Bxa2 31. Ra1 Bxd4 32. exd4 1-0


[Site "https://www.chess.com"]

[Event "Titled Tuesday Blitz April 4 Late 2023"]
[White "Schmakel, Sam"]
[Black "Grigorov, Grigor"]
[WhiteFideId "2039311"]
[BlackFideId "2907313"]
[WhiteElo "2356"]
[BlackElo "2510"]
[Result "1-0"]
[Round "04"]
[TimeControl "180+2"]
[Date "2023.04.04"]
[WhiteClock "0:00:06"]
[BlackClock "0:00:07"]

1. Nf3 Nf6 2. g3 b6 3. Bg2 Bb7 4. O-O e6 5. c4 Be7 6. d4 O-O 7. Re1 Ne4 8. Nfd2 d5 9. Nxe4 dxe4 10. Nc3 f5 11. f3 Bf6 12. e3 exf3 13. Bxf3 Bxf3 14. Qxf3 Na6 15. Rd1 Qc8 16. Bd2 Rd8 17. a3 c5 18. d5 Nc7 19. Be1 Ne8 20. Kg2 Nd6 21. b3 Ne4 22. Rac1 Bxc3 23. Bxc3 exd5 24. cxd5 Qd7 25. Ba1 Rf8 26. Qf4 Rae8 27. b4 h6 28. h4 Rf7 29. Qf3 Rc8 30. bxc5 bxc5 31. Rc4 Nd6 32. Rf4 c4 33. Rc1 Ne4 34. g4 Nd2 35. Qe2 Qxd5+ 36. Kh3 Nb3 37. Rd1 Qe6 38. gxf5 Rxf5 39. Qg4 Rf6 40. Bxf6 Qxg4+ 41. Rxg4 Rc7 42. Rdg1 Kf7 43. Rxg7+ Kxf6 44. Rxc7 Nd2 45. h5 Ke5 46. Rg6 Ne4 47. Re7+ Kd5 48. Rxe4 Kxe4 49. Rxh6 1-0


[Site "https://www.chess.com"]

[Event "Titled Tuesday Blitz April 4 Late 2023"]
[White "Vakhlamov, Igor L."]
[Black "Krallis, Christos"]
[WhiteFideId "24126748"]
[BlackFideId "4298896"]
[WhiteElo "2400"]
[BlackElo "2243"]
[Result "1-0"]
[Round "04"]
[TimeControl "180+2"]
[Date "2023.04.04"]
[WhiteClock "0:00:16"]
[BlackClock "0:00:05"]

1. e4 c5 2. Nf3 g6 3. Nc3 Bg7 4. d4 cxd4 5. Nxd4 Nc6 6. Nxc6 bxc6 7. Bc4 d6 8. O-O Nf6 9. e5 dxe5 10. Qxd8+ Kxd8 11. Re1 Bf5 12. Rxe5 Nd5 13. Re2 Nxc3 14. bxc3 Rb8 15. Bg5 Rb7 16. Rd1+ Ke8 17. Red2 Rb8 18. Bf4 Ra8 19. Ba6 e5 20. Be3 Bf6 21. Bb7 Rb8 22. Bxc6+ Kf8 23. Bxa7 Rc8 24. Ba4 Rxc3 25. Bb3 Kg7 26. h3 h5 27. Be3 Rhc8 28. Rc1 e4 29. Rcd1 Be6 30. Rd6 Bxb3 31. cxb3 Ra8 32. Rxf6 Rxe3 33. Rxf7+ Kxf7 34. fxe3 Rxa2 35. Rd4 Rb2 36. b4 g5 37. Rxe4 Kf6 38. Kf1 h4 39. Rd4 Ke5 40. Rg4 Kf5 41. Ke1 Kf6 42. Kd1 Kf5 43. Kc1 Re2 44. e4+ Kf6 45. b5 Ra2 46. e5+ Kxe5 47. Rxg5+ Kf6 48. Rg4 Kf5 49. Kd1 Rb2 50. Ke1 Kf6 51. Kf1 Rb1+ 52. Kf2 Rb2+ 53. Kg1 Rxb5 54. Rxh4 Rb2 55. Kh2 Kf5 56. Rg4 Kf6 57. Rg3 Kf5 58. Rf3+ Ke4 59. Rf7 Ke5 60. h4 Ke6 61. Rf3 Rb4 62. Kh3 Ke5 63. h5 Rb1 64. Kg4 Rh1 65. Kg5 Ke4 66. Rf7 Ke5 67. g4 Ke6 68. Rf5 Ke7 69. h6 Rg1 70. Kh5 Ke6 71. h7 Rh1+ 72. Kg6 Rh4 73. Rf6+ Ke7 74. g5 Rh1 75. Kg7 Rh4 76. Rf7+ Ke6 77. g6 1-0


[Site "https://www.chess.com"]

[Event "Titled Tuesday Blitz April 4 Late 2023"]
[White "EREBUNI91"]
[Black "Timofeev, Artyom"]
[BlackFideId "4140419"]
[WhiteElo "2659"]
[BlackElo "2586"]
[Result "0-1"]
[Round "04"]
[TimeControl "180+2"]
[Date "2023.04.04"]
[WhiteClock "0:00:28"]
[BlackClock "0:01:11"]

1. e4 d6 2. d4 Nf6 3. Nc3 g6 4. Nf3 Bg7 5. Bd3 O-O 6. O-O Bg4 7. h3 Bxf3 8. Qxf3 Nc6 9. Ne2 e5 10. d5 Ne7 11. Be3 Nd7 12. Qg3 f5 13. f4 fxe4 14. Bxe4 Nf6 15. Qf3 Nxe4 16. Qxe4 Nf5 17. Bd2 Qd7 18. fxe5 Bxe5 19. Nf4 Bxf4 20. Bxf4 Rae8 21. Qd3 Qa4 22. b3 Qd4+ 23. Qxd4 Nxd4 24. Bh6 Rxf1+ 25. Rxf1 Nxc2 26. Rc1 Re1+ 27. Rxe1 Nxe1 28. Bd2 Nd3 29. Kf1 Kf7 30. Ke2 Nc5 31. Ke3 Nd7 32. Kd4 c5+ 33. Kc4 Nb6+ 34. Kb5 Nxd5 35. a4 Ke6 36. Bh6 Nc7+ 37. Kc4 b6 38. Bf4 a6 0-1


[Site "https://www.chess.com"]

[Event "Titled Tuesday Blitz April 4 Late 2023"]
[White "Szpar, Milosz"]
[Black "Perske, Thore"]
[WhiteFideId "1184989"]
[BlackFideId "12902195"]
[WhiteElo "2436"]
[BlackElo "2336"]
[Result "1-0"]
[Round "04"]
[TimeControl "180+2"]
[Date "2023.04.04"]
[WhiteClock "0:00:18"]
[BlackClock "0:00:10"]

1. e4 c6 2. d4 d5 3. e5 Bf5 4. h4 h5 5. c4 e6 6. Nc3 Bb4 7. Qb3 Bxc3+ 8. bxc3 Qb6 9. Ba3 Qxb3 10. axb3 Ne7 11. Kd2 Nd7 12. Ne2 f6 13. exf6 gxf6 14. Ng3 Bg6 15. Re1 Kf7 16. Bd3 Bxd3 17. Kxd3 Rae8 18. Re2 Ng6 19. Bd6 b5 20. Ra2 bxc4+ 21. bxc4 Ra8 22. Rha1 dxc4+ 23. Kxc4 Nb6+ 24. Kd3 Nc8 25. Bc5 Nxh4 26. f3 Ng6 27. Rb1 h4 28. Rb7+ Nce7 29. Ne4 h3 30. gxh3 Rxh3 31. Kc4 Rxf3 32. Rh2 Rf4 33. Kd3 a5 34. Ke3 Rf1 35. Ke2 Rc1 36. Rh7+ Kg8 37. Nxf6+ Kf8 38. Rbxe7 Nxe7 39. Bxe7# 1-0


[Site "https://www.chess.com"]

[Event "Titled Tuesday Blitz April 4 Late 2023"]
[White "Mahdavi, Reza"]
[Black "Hirneise, Jens"]
[WhiteFideId "12595926"]
[BlackFideId "24614734"]
[WhiteElo "2357"]
[BlackElo "2345"]
[Result "1-0"]
[Round "04"]
[TimeControl "180+2"]
[Date "2023.04.04"]
[WhiteClock "0:00:23"]
[BlackClock "0:00:02"]

1. Nf3 d5 2. g3 c5 3. Bg2 Nc6 4. d4 e6 5. O-O Nf6 6. c4 dxc4 7. Qa4 Bd7 8. Qxc4 cxd4 9. Nxd4 Rc8 10. Nc3 a6 11. Rd1 Qa5 12. Nxc6 Bxc6 13. Bxc6+ Rxc6 14. Qb3 Qb6 15. Qxb6 Rxb6 16. Na4 Rc6 17. Bg5 Be7 18. Bxf6 Bxf6 19. Rac1 Rxc1 20. Rxc1 O-O 21. b3 b5 22. Nc5 Rc8 23. Nd3 Rxc1+ 24. Nxc1 Kf8 25. Nd3 Be7 26. e4 Ke8 27. Kf1 Kd7 28. Ne5+ Ke8 29. Ke2 f6 30. Nd3 Kd7 31. f4 Bf8 32. e5 f5 33. Ke3 Be7 34. Kd4 Kc6 35. b4 Bd8 36. Ne1 Bb6+ 37. Kd3 h6 38. Nf3 Kd5 39. h3 Bf2 40. g4 Bb6 41. Nh4 fxg4 42. hxg4 Bf2 43. Ng6 Kc6 44. Nf8 Bg3 45. Ke4 1-0


[Site "https://www.chess.com"]

[Event "Titled Tuesday Blitz April 4 Late 2023"]
[White "Dubov, Daniil"]
[Black "Gegenfurtner, Juergen"]
[WhiteFideId "24126055"]
[BlackFideId "24632147"]
[WhiteElo "2802"]
[BlackElo "2398"]
[Result "0-1"]
[Round "04"]
[TimeControl "180+2"]
[Date "2023.04.04"]
[WhiteClock "0:00:27"]
[BlackClock "0:00:21"]

1. d4 d5 2. Nf3 Nf6 3. c4 e6 4. g3 Be7 5. Bg2 O-O 6. O-O dxc4 7. Qc2 a6 8. a4 Bd7 9. Qxc4 Bc6 10. Bg5 Nbd7 11. Nc3 h6 12. Bxf6 Nxf6 13. Rfd1 a5 14. Ne5 Bxg2 15. Kxg2 c6 16. e3 Qb6 17. Qe2 Qa6 18. Qf3 Rad8 19. h4 Nd7 20. Nd3 Qc4 21. Rac1 Qb3 22. Rh1 f5 23. Rhd1 Bd6 24. e4 fxe4 25. Qxe4 Nf6 26. Qe2 Bb4 27. Nf4 Rfe8 28. Ne4 Nxe4 29. Qxe4 Bd6 30. Rc3 Qxd1 31. Ng6 Qh5 32. Rf3 Qd5 33. Qg4 Rf8 34. Nf4 Bxf4 35. gxf4 Rf5 36. Kh2 Rdf8 37. Rg3 R8f7 38. Qg6 R5f6 39. Qd3 Rxf4 40. Qg6 Rxf2+ 41. Kh3 Qh1+ 42. Kg4 R2f4+ 43. Kh5 Qd1+ 44. Rg4 R7f5+ 45. Qxf5 Rxf5+ 46. Kg6 Qxg4# 0-1


[Site "https://www.chess.com"]

[Event "Titled Tuesday Blitz April 4 Late 2023"]
[White "Andreikin, Dmitry"]
[Black "Mihajlov, Sebastian"]
[WhiteFideId "4158814"]
[BlackFideId "1512110"]
[WhiteElo "2736"]
[BlackElo "2478"]
[Result "1-0"]
[Round "04"]
[TimeControl "180+2"]
[Date "2023.04.04"]
[WhiteClock "0:01:35"]
[BlackClock "0:00:17"]

1. d4 d5 2. c4 c6 3. Nf3 Nf6 4. e3 Bg4 5. Nc3 e6 6. h3 Bh5 7. g4 Bg6 8. Ne5 Nbd7 9. Nxg6 hxg6 10. a3 Bd6 11. Bd2 Qe7 12. Qb3 Rb8 13. Be2 dxc4 14. Qxc4 e5 15. g5 Nh7 16. d5 Nb6 17. Qb3 Nxg5 18. O-O-O e4 19. dxc6 bxc6 20. Qc2 f5 21. Rdg1 Kf7 22. h4 Ne6 23. h5 g5 24. f3 Bxa3 25. fxe4 Nc4 26. Bxc4 Rxb2 27. exf5 Qb4 28. fxe6+ Kg8 29. e7+ Qxc4 30. e8=Q+ 1-0


[Site "https://www.chess.com"]